 Dungeon Crawl Stone Soup version 0.19.1-1-g22dce08 (webtiles) character file.

10821 galech the Grappler (level 11, -1/101 HPs)
             Began as a Troll Monk on Jan 7, 2017.
             Was a High Priest of Okawaru.
             Slain by a wyvern zombie (11 damage)
             ... on level 11 of the Dungeon.
             The game lasted 00:25:19 (9663 turns).

galech the Grappler (Troll Monk)                    Turns: 9663, Time: 00:25:20

Health: -1/101     AC:  1    Str: 24    XL:     11   Next: 41%
Magic:  0/11       EV: 12    Int:  6    God:    Okawaru [*****.]
Gold:   491        SH:  0    Dex: 12    Spells: 0 memorised, 10 levels left

rFire  . . .     SeeInvis .       - Unarmed
rCold  . . .     Gourm    +     H - +0 swamp dragon scales
rNeg   . . .     Faith    .     (no shield)
rPois  +         Spirit   +     (helmet restricted)
rElec  .         Reflect  .     l - +0 cloak
rCorr  .         Harm     .     (gloves unavailable)
MR     .....                    (boots unavailable)
Stlth  ++++......               m - amulet of guardian spirit
                                B - ring of stealth
                                v - ring of stealth

@: corroded
A: unfitting armour, claws 3, fast metabolism 3, gourmand, regeneration 1,
shaggy fur 1, tough skin 2
a: Heroism, Finesse, Renounce Religion


You were on level 11 of the Dungeon.
You worshipped Okawaru.
Okawaru was extremely pleased with you.
You were full.

You visited 2 branches of the dungeon, and saw 12 of its levels.

You collected 688 gold pieces.
You spent 197 gold pieces at shops.

Inventory:

Armour
 a - a +0 robe
 l - a +0 cloak (worn)
 u - +0 swamp dragon scales
 y - a cursed -2 robe
 H - +0 swamp dragon scales (worn)
 J - a +2 animal skin
 M - the +1 robe "Vuabuep" {Dex+3 Slay+3}
   (Okawaru gifted it to you on level 11 of the Dungeon)

   It affects your dexterity (+3).
   It affects your accuracy and damage with ranged weapons and melee attacks
   (+3).
Jewellery
 d - an uncursed amulet of magic regeneration
 m - an amulet of guardian spirit (around neck)
 v - a ring of stealth (left claw)
 B - a ring of stealth (right claw)
Wands
 x - a wand of digging (16/24)
 A - a wand of teleportation (2/9)
Scrolls
 f - 2 scrolls of random uselessness
 h - 6 scrolls of remove curse
 k - 2 scrolls of immolation
 o - 4 scrolls of enchant weapon
 p - a scroll of amnesia
 q - a scroll of recharging
 C - 3 scrolls of magic mapping
 D - a scroll of noise
 I - a scroll of summoning
Potions
 c - 2 potions of lignification
 e - a potion of brilliance {unknown}
 i - a potion of might {unknown}
 j - a potion of cure mutation
 n - a potion of resistance
 s - a potion of haste
 w - 2 potions of ambrosia
 z - 3 potions of degeneration
 L - a potion of curing
Books
 E - a book of Necromancy

   Spells                             Type                      Level
   a - Pain                           Necromancy                   1
   b - Animate Skeleton               Necromancy                   1
   c - Vampiric Draining              Necromancy                   3
   d - Regeneration                   Charms/Necromancy            3
   e - Animate Dead                   Necromancy                   4
   f - Control Undead                 Necromancy                   4
Comestibles
 b - 9 bread rations
 g - 5 beef jerkies
 r - a slice of pizza
 t - 3 meat rations
 K - a royal jelly


   Skills:
 + Level 4.7 Fighting
 + Level 6.5 Armour
 + Level 6.3 Dodging
 + Level 4.1 Stealth
 + Level 12.4 Unarmed Combat
 + Level 1.7 Invocations


You had 10 spell levels left.
You didn't know any spells.

Dungeon Overview and Level Annotations

Branches:
Dungeon (11/15)            Temple (1/1) D:6            Lair (0/6) D:11
    Orc: D:9-12

Altars:
Ashenzari
Cheibriados
Dithmenos
Elyvilon
Fedhas
Gozag
Hepliaklqana
Kikubaaqudgha
Makhleb
Nemelex Xobeh
Okawaru
Qazlal
Ru
Sif Muna
Trog
Uskayaw
Vehumet
Xom
Yredelemnul
Zin
The Shining One

Shops:
D:6 *   D:8 *   D:10 !


Innate Abilities, Weirdness & Mutations

You are too large for most types of armour.
You have claws for hands.
Your metabolism is lightning-fast.
You like to eat raw meat.
Your natural rate of healing is unusually fast.
You are covered in fur. (AC +1)
You have very tough skin. (AC +2)


Message History

You scratch the fungus but do no damage.
The fungus is almost destroyed.
The bat misses you.
The bat hits the plant but does no damage.
The bat barely misses you.
The ufetubus hits the fungus. x2
The bat hits the plant but does no damage.
You claw the fungus!
You destroy the fungus!
The bat hits the plant but does no damage. x3
The wyvern zombie bites you but does no damage.
You claw the plant!
The plant is heavily damaged.
The ufetubus disappears in a puff of smoke!
The bat hits the plant but does no damage.
The bat completely misses the plant.
Unknown command.
The bat hits the plant but does no damage.
The bat hits the fungus.
The bat barely misses you. The wyvern zombie bites you!
You die...

#..K5§...... .# #.#
#..or......# ##.######
#.#
+....§.....###....P..###
..
#....o.....#...........#
#...b....(....PP.P..P.P.
#.........P..P..PP..P...
#...........PoPbPP.PPPP.
.s.$..P.bP..PPPP..


.P..Pas.PZ@PP.PP.P .?...PP.P.P..P.P.P ....POP.PPP>PPP.P. ....P.PPPP.PP....P
.....P.P...P..P.PP ...P..P.PPPb..PPP. #...P..P.P..P.PP.. ....P.P...PP...P You
could see an ogre, a scorpion, a worker ant, an orc, a wyvern zombie and 3 bats.

Vanquished Creatures
  A hydra (D:11)
  The ghost of sveltemanboy the Summoner, a novice DrSu of Ashenzari (D:9)
  An unseen horror (D:11)
  The ghost of Yoshimo the Jinx, a novice SpEn (D:10)
  A hill giant (D:10)
  A gargoyle (D:10)
  Maurice (D:8)
  Joseph (D:8)
  2 kobold demonologists (D:11)
  A troll (D:10)
  A hippogriff (D:9)
  11 yaks
  Grum (D:11)
  2 orc warriors
  2 sky beasts (D:11)
  An ice beast (D:10)
  3 black bears
  A phantom (D:7)
  A necrophage (D:8)
  8 ogres
  3 wolves (D:11)
  A centaur (D:6)
  A big kobold (D:11)
  7 bullfrogs
  A water moccasin zombie (D:6)
  2 scorpions (D:6)
  A troll skeleton (D:8)
  3 wights (D:8)
  A howler monkey (D:9)
  3 human zombies (D:8)
  2 bullfrog zombies
  A centaur zombie (D:9)
  7 crimson imps
  A quasit (D:10)
  3 hounds
  6 jellies
  4 orc wizards
  A centaur skeleton (D:6)
  A gnoll shaman (D:9)
  An orc priest (D:10)
  2 bullfrog skeletons
  2 iguanas
  A human skeleton (D:8)
  8 worker ants
  2 killer bee zombies
  A hound skeleton (D:4)
  2 mummies (D:8)
  A worker ant zombie (D:7)
  16 gnolls
  A howler monkey zombie (D:5)
  11 adders
  3 shadow imps
  An adder zombie (D:7)
  A worm (D:1)
  5 dart slugs
  9 leopard geckos
  16 orcs
  2 giant cockroaches
  5 hobgoblins
  8 jackals
  7 quokkas
  12 bats
  6 frilled lizards
  7 goblins
  3 kobolds
  A leopard gecko zombie (D:8)
  An orc skeleton (D:8)
  An orc zombie (D:8)
  12 rats
  A fungus (D:11)
240 creatures vanquished.

Vanquished Creatures (others)
  A sky beast (D:5)
  A quokka skeleton (D:5)
  15 fungi (D:11)
  3 plants (D:11)
20 creatures vanquished.

Grand Total: 260 creatures vanquished

Notes
Turn   | Place    | Note
-------+----------+-------------------------------------------
     0 | D:1      | galech the Troll Monk began the quest for the Orb.
     0 | D:1      | Reached XP level 1. HP: 22/22 MP: 0/0
   274 | D:1      | Reached XP level 2. HP: 28/29 MP: 1/1
   848 | D:1      | Reached XP level 3. HP: 36/36 MP: 2/2
  1217 | D:2      | Found a bloodstained altar of Trog.
  1515 | D:2      | Reached skill level 4 in Unarmed Combat
  1515 | D:2      | Reached XP level 4. HP: 38/44 MP: 3/3
  2001 | D:3      | Found a blossoming altar of Fedhas.
  2491 | D:4      | Reached XP level 5. HP: 53/53 MP: 4/4
  2868 | D:4      | Reached skill level 5 in Unarmed Combat
  2935 | D:4      | Reached XP level 6. HP: 60/61 MP: 5/5
  3054 | D:4      | Found a stormy altar of Qazlal.
  3311 | D:5      | Entered Level 5 of the Dungeon
  3618 | D:5      | Killed a sky beast
  3894 | D:5      | Reached skill level 1 in Armour
  3943 | D:5      | Found a glowing silver altar of Zin.
  4087 | D:5      | Reached skill level 6 in Unarmed Combat
  4087 | D:5      | Reached XP level 7. HP: 67/67 MP: 6/6
  4401 | D:6      | Found a white marble altar of Elyvilon.
  4616 | D:6      | Found a sparkling altar of Nemelex Xobeh.
  4696 | D:6      | Reached skill level 7 in Unarmed Combat
  4853 | D:6      | Reached XP level 8. HP: 75/75 MP: 7/7
  4859 | D:6      | Found a staircase to the Ecumenical Temple.
  4868 | Temple   | Entered the Ecumenical Temple
  4948 | Temple   | Became a worshipper of Warmaster Okawaru
  4948 | Temple   | Reached * piety under Okawaru
  4948 | Temple   | Reached ** piety under Okawaru
  5010 | D:6      | Found a radiant altar of Vehumet.
  5105 | D:6      | Found Curphok's General Store.
  5117 | D:6      | Bought 3 scrolls of identify for 72 gold pieces
  5117 | D:6      | Bought a potion of heal wounds for 60 gold pieces
  5257 | D:7      | Reached skill level 8 in Unarmed Combat
  5373 | D:7      | Found an opulent altar of Gozag.
  6119 | D:8      | Reached skill level 9 in Unarmed Combat
  6135 | D:8      | Found a shattered altar of Ashenzari.
  6151 | D:8      | Reached *** piety under Okawaru
  6196 | D:8      | Reached XP level 9. HP: 81/83 MP: 8/8
  6410 | D:8      | Found Voek's Assorted Antiques.
  6585 | D:8      | Noticed Joseph
  6601 | D:8      | Killed Joseph
  6627 | D:8      | Found a basalt altar of Yredelemnul.
  6957 | D:8      | Reached skill level 10 in Unarmed Combat
  6964 | D:8      | Noticed Maurice
  6976 | D:8      | Found a glowing golden altar of the Shining One.
  6987 | D:8      | Killed Maurice
  7204 | D:8      | Found an ancient bone altar of Kikubaaqudgha.
  7237 | D:8      | Found a deep blue altar of Sif Muna.
  7376 | D:8      | You fall through a shaft for 3 floors!
  7379 | D:11     | Noticed Grum
  7391 | D:11     | Killed Grum
  7391 | D:11     | Reached **** piety under Okawaru
  7403 | D:11     | Killed an unseen horror
  7403 | D:11     | Reached XP level 10. HP: 33/92 MP: 4/9
  7501 | D:10     | Entered Level 10 of the Dungeon
  7506 | D:10     | Noticed Yoshimo's ghost (novice SpEn)
  7513 | D:11     | Reached skill level 5 in Dodging
  7530 | D:10     | Killed Yoshimo's ghost
  7530 | D:10     | Reached skill level 5 in Armour
  7653 | D:9      | Noticed sveltemanboy's ghost (novice DrSu)
  7832 | D:8      | Reached ***** piety under Okawaru
  7836 | D:8      | Reached skill level 1 in Invocations
  7840 | D:8      | Reached skill level 11 in Unarmed Combat
  7878 | D:9      | Killed sveltemanboy's ghost
  8256 | D:9      | Found a hazy altar of Hepliaklqana.
  8435 | D:10     | Noticed a hill giant
  8488 | D:10     | Killed a hill giant
  8488 | D:10     | Reached XP level 11. HP: 42/101 MP: 3/10
  8746 | D:10     | Found Ugicy's Distillery.
  8874 | D:10     | Reached skill level 12 in Unarmed Combat
  9046 | D:10     | Bought a potion of heal wounds for 65 gold pieces
  9423 | D:11     | Received a gift from Okawaru
  9427 | D:11     | Got a warped robe {god gift}
  9438 | D:11     | Identified the +1 robe "Vuabuep" {Dex+3 Slay+3} (Okawaru gifted it to you on level 11 of the Dungeon)
  9464 | D:11     | Noticed an eight-headed hydra
  9482 | D:11     | Killed a 16-headed hydra
  9640 | D:11     | Noticed a sixfirhy
  9652 | D:11     | HP: 4/101 [big kobold/stone (3)]
  9654 | D:11     | Found a staircase to the Lair.
  9663 | D:11     | Slain by a wyvern zombie

Skill      XL: |  1  2  3  4  5  6  7  8  9 10 11 |
---------------+----------------------------------+-----
Unarmed Combat | 4 5 6 7 9 10 11 12 | 12.4
Dodging        | 3 4 5 6 |  6.3
Fighting       | 3 4 |  4.7
Armour         | 1 2 3 4 6 |  6.5
Stealth        | 2 3 4 |  4.1
Invocations    | 1 |  1.7

Action                   |  1- 3 |  4- 6 |  7- 9 | 10-12 || total
-------------------------+-------+-------+-------+-------++-------
Melee: Unarmed           |   114 |   146 |   266 |   268 ||   794
       Punch             |       |     2 |     5 |    14 ||    21
Invok: Heroism           |       |       |     3 |     5 ||     8
       Finesse           |       |       |       |     1 ||     1
  Use: Scroll            |       |       |    13 |     6 ||    19
       Potion            |       |       |       |     4 ||     4
 Stab: Sleeping          |     3 |     5 |    16 |     7 ||    31
       Distracted        |       |       |     1 |     1 ||     2
  Eat: Chunk             |    17 |    26 |    30 |    17 ||    90
Armor: Robe              |    41 |    28 |       |       ||    69
       Swamp dragon scal |       |    31 |   105 |   117 ||   253
Dodge: Dodged            |    67 |    48 |   126 |   163 ||   404
